 Dungeon Crawl Stone Soup version 0.29-a0-998-g1987434951 (webtiles) character file.

Game seed: 581987096833926792

101 RevDB the Conjurer (level 4, 0/33 HPs)
             Began as a Draconian Conjurer on Aug 4, 2022.
             Slain by Robin
             ... wielding a +1 spear of venom
              (1 damage)
             ... on level 2 of the Dungeon on Aug 5, 2022.
             The game lasted 00:11:03 (1720 turns).

RevDB the Conjurer (Draconian Conjurer)             Turns: 1720, Time: 00:11:03

Health: 0/33       AC:  5    Str:  9    XL:     4   Next: 48%
Magic:  3/7        EV: 12    Int: 21    God:
Gold:   72         SH:  0    Dex:  9    Spells: 4/7 levels left

rFire   . . .      SeeInvis .   g - +1 dagger (protect)
rCold   . . .      Faith    .   (no shield)
rNeg    . . .      Spirit   .   (body armour unavailable)
rPois   .          Reflect  .   (helmet restricted)
rElec   .          Harm     .   (no cloak)
rCorr   .          Rampage  .   (no gloves)
Will    .....                   (no boots)
Stlth   ++........              (no amulet)
HPRegen 0.11/turn               (no ring)
MPRegen 0.10/turn               (no ring)

@: lethally poisoned (0 -> -12)
A: AC +5, unfitting armour, cold-blooded
a: no special abilities


You were on level 2 of the Dungeon.
You visited 1 branch of the dungeon, and saw 2 of its levels.

You collected 72 gold pieces.

Inventory:

Hand Weapons
 b - a +0 whip
 d - a +0 dagger
 g - a +1 dagger of protection (weapon)
Armour
 k - an orb of energy
Scrolls
 e - a scroll of identify {unknown}
 i - a scroll of poison {unknown}
 l - a scroll of summoning {unknown}
 n - a scroll of teleportation {unknown}
Potions
 a - a potion of magic
 c - a potion of heal wounds {unknown}
 f - 2 potions of degeneration {unknown}
 h - a potion of brilliance {unknown}
 j - 3 potions of curing {unknown}
 m - a potion of lignification {unknown}


   Skills:
 - Level 1.7 Dodging
 - Level 1.7 Stealth
 - Level 2.0 Spellcasting
 + Level 6.0 Conjurations


You had 4 spell levels left.
You knew the following spells:

 Your Spells              Type           Power      Damage    Failure   Level
a - Magic Dart            Conj           100%       1d8       1%          1
b - Searing Ray           Conj           54%        2d6       1%          2

Your spell library contained the following spells:

 Spells                   Type           Power      Damage    Failure   Level
 Dazzling Flash           Conj/Hex       28%        N/A       13%         3
 Fulminant Prism          Conj/Hex       7%         3d7       38%         4
 Iskenderun's Mystic Bla  Conj/Tloc      14%        2d5       38%         4


Dungeon Overview and Level Annotations

Branches:
Dungeon (2/15)

Altars:

Annotations:
D:2 Robin


Innate Abilities, Weirdness & Mutations

Your plain brown scales are hard. (AC +5)
You cannot fit into any form of body armour.
You are cold-blooded and may be slowed by cold attacks.


Message History

You feel very sick. Robin hits you but does no damage.
You are more poisoned.
Items here: ))))) ††††.
You closely miss Robin. You tail-slap Robin, but do no damage.
You feel very sick. Robin completely misses you. The goblin closely misses you.
You closely miss the goblin.
You feel sick. Robin hits you but does no damage.
The goblin closely misses you.
You closely miss the goblin.
Your tail-slap misses the goblin.
You feel sick. Robin throws the goblin at you!
The goblin hits you with a +0 club.
You hit the goblin.
Your weapon exudes an aura of protection.
You kill the goblin!
You feel sick.
Robin says, "Duck!"
Robin closely misses you.
You barely miss Robin.
You feel sick. Robin hits you but does no damage.
You barely miss Robin. You tail-slap Robin.
Robin is lightly wounded.
You feel sick.
Robin hits you with a +1 spear of venom.
* * * LOW HITPOINT WARNING * * *
You are lethally poisoned!
Casting: Magic Dart (safe; 1% risk of failure)
Confirm with . or Enter, or press ? or * to list all spells.
Okay, then.
Casting: Magic Dart (safe; 1% risk of failure)
Confirm with . or Enter, or press ? or * to list all spells.
Aiming: Searing Ray (safe; 1% risk of failure)
Press: ? - help, Shift-Dir - straight line, f - Robin
Aim: Robin, wielding a +1 spear of venom, wearing a +0 animal skin and wearing a +2 helmet (lightly wounded, 85% to hit)
The searing ray hits Robin.
Robin is heavily wounded. (Press . to maintain the ray.)
* * * LOW HITPOINT WARNING * * *
You feel very sick.
Robin says, "My goblins will feast on your bones."
Robin hits you with a +1 spear of venom.
You die...

...##.....# ###....##....# #
....'.....###......##....#.#
...##.....'................#
.####.....###...........)).#
............).........#....g.g
.....#######..........#.....g.
.........###..##......#..#...#
..........##..###g..#.#... ...
..........>...))@.......#.. ..
...........#..####......#... .
.............................
. ............8..........(..#
. ..........._............$.+
.. ............8.............
... ......#.......####........
.... ......#........ .......
.... ................ .. ...


You could see Robin.

Vanquished Creatures
  3 adders (D:2)
  A worm (D:2)
  3 dart slugs
  3 ball pythons
  5 endoplasms
  5 giant cockroaches
  14 goblins
  6 hobgoblins
  4 kobolds
  4 quokkas
  4 bats
  A frilled lizard (D:1)
  3 rats (D:2)
56 creatures vanquished.

Notes
Turn   | Place    | Note
-------+----------+-------------------------------------------
     0 | D:1      | RevDB the Draconian Conjurer began the quest for the Orb.
     0 | D:1      | Reached XP level 1. HP: 14/14 MP: 3/3
   130 | D:1      | Reached XP level 2. HP: 16/20 MP: 0/5
   489 | D:1      | Learned a level 2 spell: Searing Ray
   831 | D:1      | Reached skill level 5 in Conjurations
   978 | D:1      | Reached XP level 3. HP: 26/26 MP: 3/6
  1483 | D:2      | Reached XP level 4. HP: 33/33 MP: 2/7
  1483 | D:2      | Upgraded the game from 0.29-a0-997-gf6f7e2dfe7 to
                  | 0.29-a0-998-g1987434951
  1576 | D:2      | Found a faded altar of an unknown god.
  1677 | D:2      | Noticed Robin
  1712 | D:2      | Reached skill level 6 in Conjurations
  1720 | D:2      | HP: 1/33 [poisoned by Robin]
  1720 | D:2      | Slain by Robin

Illustrated notes

Levels and vault maps discovered:
D:1:      erik_arrival_triangle_small, layout_loops_ring, minivault_25,
          nicolae_concentric_dashed_squares_wild, chequers_serial_rivers_small_a
D:2:      layout_basic, dreamdust_ecumenical_altar_statues, uniq_robin

Skill      XL: |  1  2  3  4 |
---------------+-------------+-----
Conjurations   | 5 6 |  6.0
Dodging        | |  1.7
Stealth        | |  1.7
Spellcasting   | |  2.0

Action                   |  1- 3 |  4- 6 || total
-------------------------+-------+-------++-------
Melee: Unarmed           |     6 |       ||     6
       Whip              |     3 |       ||     3
       Tailslap          |     3 |     5 ||     8
       Dagger            |    44 |    47 ||    91
 Cast: Magic Dart        |    67 |    12 ||    79
       Searing Ray       |       |     2 ||     2
Armor: Skin              |    22 |    18 ||    40
Dodge: Dodged            |    24 |    38 ||    62

Table legend: (Time is in decaauts)
 A = Elapsed time spent in this place.
 B = Non-inter-level travel time spent in this place.
 C = Inter-level travel time spent in this place.
 D = Time resting spent in this place.
 E = Time spent auto-exploring this place.
 F = Levels seen in this place.
 G = Mean time per level.
                   A        B        C        D        E       F      G
               +--------+--------+--------+--------+--------+-----+--------+
         Total |   1722 |   1684 |     38 |      0 |    563 |   2 |  861.0 |
       Dungeon |   1722 |   1684 |     38 |      0 |    563 |   2 |  861.0 |
               +--------+--------+--------+--------+--------+-----+--------+

Top non-repeatable levels by time:
     D:1: 1093 daAuts
     D:2: 628 daAuts
